 Dungeon Crawl Stone Soup version 0.24.1 (webtiles) character file.

Game seed: 4821505329126570477, levelgen mode: deterministic

8882 MisterOstroum the Archer (level 11, 0/99 HPs)
             Began as a Centaur Wanderer on Mar 23, 2020.
             Was a Follower of Okawaru.
             Slain by a spiny frog (15 damage)
             ... on level 8 of the Dungeon.
             The game lasted 01:00:04 (16094 turns).

MisterOstroum the Archer (Centaur Wanderer)        Turns: 16094, Time: 01:00:05

Health: 0/99       AC: 17    Str: 16    XL:     11   Next: 15%
Magic:  13/13      EV:  4    Int: 11    God:    Okawaru [*.....]
Gold:   398        SH:  0    Dex: 11    Spells: 10/10 levels left

rFire    . . .     SeeInvis .   a - +2 dagger (venom)
rCold    + . .     Gourm    +   (no shield)
rNeg     . . .     Faith    .   u - +0 plate armour
rPois    .         Spirit   .   E - +0 helmet
rElec    .         Reflect  .   v - +2 cloak
rCorr    .         Harm     .   A - +1 pair of gloves
MR       .....                  (no barding)
Stlth    ..........             q - amulet of the gourmand
HPRegen  0.26/turn              d - ring of stealth
MPRegen  0.13/turn              J - ring of protection from cold

@: vulnerable, very slightly contaminated, very quick
A: large, hooves 3, deformed body, speed 2, tough skin 3
a: Heroism, Renounce Religion


You were on level 8 of the Dungeon.
You worshipped Okawaru.
Okawaru was aware of your devotion.
You were full.

You visited 3 branches of the dungeon, and saw 11 of its levels.
You also visited: Ossuary.

You collected 398 gold pieces.

Inventory:

Hand Weapons
 a - a +2 dagger of venom (weapon)
 b - a +1 shortbow
 c - a +1 hunting sling of freezing
Missiles
 g - 175 stones
 t - 25 arrows
 C - 15 curare-tipped darts
 D - 11 boomerangs
 M - 74 sling bullets
 P - 7 poisoned darts (quivered)
Armour
 u - a +0 plate armour (worn)
 v - a +2 cloak (worn)
 A - a +1 pair of gloves (worn)
 E - a +0 helmet (worn)
 T - the +2 shield of Resistance {rF+ rC+ MR+}
   (You found it on level 9 of the Dungeon)

   It protects you from fire.
   It protects you from cold.
   It affects your resistance to hostile enchantments.
Jewellery
 d - a ring of stealth (left hand)
 l - an uncursed ring of positive energy
 q - an amulet of the gourmand (around neck)
 s - an uncursed ring of protection from fire
 J - a ring of protection from cold (right hand)
 N - an uncursed ring of ice
Wands
 x - a wand of paralysis (1)
 y - a wand of enslavement (3)
 B - a wand of polymorph (14)
 I - a wand of flame (38)
 R - a wand of acid (5)
Scrolls
 f - a scroll of teleportation {@r3 !r}
 n - 5 scrolls of immolation
 K - 7 scrolls of identify {@r1}
 L - 2 scrolls of enchant weapon
Potions
 i - 5 potions of might {@q3 !q}
 j - a potion of berserk rage {unknown}
 k - 3 potions of curing {@q1 !q}
 m - 3 potions of agility {@q5 !q}
 o - a potion of ambrosia
 p - a potion of mutation
 r - 2 potions of heal wounds {@q2 !q}
 w - 3 potions of haste {@q4 !q}
 z - 4 potions of brilliance
 O - a potion of magic
Comestibles
 e - 20 rations


   Skills:
 - Level 10.0 Fighting
 - Level 1.0 Short Blades
 * Level 13.1 Bows
   Level 1.1 Crossbows
 + Level 5.7 Armour
 - Level 5.0 Dodging
 - Level 1.0 Stealth
 - Level 1.0 Shields
 * Level 0.0 Invocations
 + Level 2.8 Evocations


You had 10 spell levels left.
You didn't know any spells.
Your spell library contained the following spells:

 Spells                   Type           Power        Failure   Level  Hunger
 Confusing Touch          Hex            #.....       100%        1    ##.....
 Confuse                  Hex            #.......     100%        3    ####...
 Gell's Gravitas          Tloc           #.........   100%        3    ####...
 Petrify                  Tmut/Erth      #.......     100%        4    #####..
 Metabolic Englaciation   Hex/Ice        #.........   100%        5    ######.
 Yara's Violent Unravell  Hex/Tmut       #.........   100%        5    ######.


Dungeon Overview and Level Annotations

Branches:
Dungeon (9/15)             Temple (1/1) D:6            Lair (1/6) D:8
Ossuary (visited)
    Orc: D:9-12

Altars:
Ashenzari
Cheibriados
Dithmenos
Elyvilon
Fedhas
Gozag
Hepliaklqana
Kikubaaqudgha
Makhleb
Nemelex Xobeh
Okawaru
Qazlal
Ru
Sif Muna
Trog
Uskayaw
Vehumet
Wu Jian
Xom
Yredelemnul
Zin
The Shining One
Beogh

Shops:
D:4 [

Annotations:
D:3 2 runed translucent doors, exclusion: door, Frank2's ghost, amateur DsGl
D:4 3 runed translucent doors, Curus's ghost, amateur HOAK
D:8 3 runed translucent doors, VPR's ghost, novice HOFi


Innate Abilities, Weirdness & Mutations

You have hooves in place of feet.
Armour fits poorly on your strangely shaped body.
You cover ground very quickly.
You have extremely tough skin. (AC +3)


Message History

Search for what [Enter for "l", or ? for help]? lair
There is a staircase to the Lair here.
Okay, then.
Unknown command.
Okay, then.
You start resting.
HP restored.
You climb downwards.
Welcome to the Lair of Beasts!
You feel a wave of frost pass over you.
There is an entrance to an ice cave on this level.
Hurry and find it before the portal melts!
Found 2 potions of might.
There is a staircase back to the Dungeon here.
Okay, then.
As you read the scroll labeled KOWAOPREIC, it crumbles to dust.
Magic quickly surges around you.
It was a scroll of vulnerability.
As you read the scroll labeled WISA IPEIT, it crumbles to dust.
You hear a loud clanging noise!
It was a scroll of noise.
You hear an angry hiss. x2; You hear a croak.
You hear a loud, deep croak!
A komodo dragon comes into view.
As you read the scroll labeled XURETO MINO, it crumbles to dust.
The scroll dissolves into smoke.
It was a scroll of fog.
A rime drake comes into view.
Blink to where?
Press: ? - help, Dir - move target cursor You are very lightly contaminated with residual magic.
As you read the scroll labeled HIGRAO FUTAAGE, it crumbles to dust.
It was a scroll of blinking.
Firing (i - inventory. (/) - cycle)
t - 28 arrows (quivered)
Press: ? - help, Shift-Dir - straight line, f - rime drake
Aim: a rime drake You shoot an arrow.
The arrow hits the rime drake!
The rime drake is heavily wounded.
The rime drake breathes ice at you. The flash freeze hits you!!
You partially resist.
You are encased in ice.
Firing (i - inventory. (/) - cycle)
t - 27 arrows (quivered)
Press: ? - help, Shift-Dir - straight line, f/p - rime drake
Aim: a rime drake (moderately wounded, catching its breath)
You shoot an arrow.
The arrow hits the rime drake but does no damage.
The rime drake is moderately wounded.
No target in view!
Firing (i - inventory. (/) - cycle)
t - 26 arrows (quivered)
Press: ? - help, Shift-Dir - straight line, f/p - rime drake
Aim: a rime drake (blue smoke, moderately wounded)
You shoot an arrow.
The arrow hits the rime drake but does no damage.
The rime drake is moderately wounded.
The rime drake barely misses you.
Your +2 dagger of venom begins to drip with poison!
a - a +2 dagger of venom (weapon)
The rime drake bites you but does no damage.
Your plate armour prevents you from hitting the rime drake.
The rime drake is moderately wounded.
A spiny frog comes into view.
A blink frog comes into view.
The rime drake bites you but does no damage.
You barely miss the rime drake.
The rime drake is moderately wounded.
The ice encasing you melts away.
The blink frog gives a loud, deep croak!
You hear a croak.
The rime drake breathes ice at you. The flash freeze hits you!
You partially resist.
You are encased in ice.
You hit the rime drake.
The rime drake is heavily wounded.
The spiny frog stings you but does no damage.
The rime drake bites you but does no damage.
A blink frog comes into view.
The rime drake bites you. The ice encasing you melts away.
The spiny frog stings you!
You are poisoned.
The spiny frog poisons you!
The spiny frog stings you but does no damage.
There is a staircase back to the Dungeon here.
You feel sick. The komodo dragon bites you!! The rime drake barely misses you.
The spiny frog stings you!
* * * LOW HITPOINT WARNING * * *
You climb upwards.
Welcome back to the Dungeon!
Level annotation: 3 runed translucent doors, VPR's ghost, novice HOFi You feel sick.
There is a staircase to the Lair here.
Really quaff
r - 3 potions of heal wounds {@q2 !q}?
You feel much better.
You feel sick. The komodo dragon bites you!
* * * LOW HITPOINT WARNING * * *
The rime drake bites you.
* * * LOW HITPOINT WARNING * * *
The spiny frog stings you!
* * * LOW HITPOINT WARNING * * *
Really quaff
k - 4 potions of curing {@q1 !q}?
You feel better.
The rime drake bites you but does no damage.
The komodo dragon bites you but does no damage.
The spiny frog stings you but does no damage.
The komodo dragon bites you.
* * * LOW HITPOINT WARNING * * *
The spiny frog stings you!
You die...

##....)...#### #.........#
#..........# ##.........#
#........#.## ##.........##
.........#..# ##..........#
#####.#########.....####..#
######## ##.........##..#
.(.♣...#####...........#..#
.....($#.........F........#
..(....###......@k........#
....(..# ##..P..l...PP....#
.(....(# ##..P.....P..#.##
##+++########.........##.#
..........#####.....####)#
###.#......#........#.##.#
#.....#..#.....#.#..##.#
#####...#....##.......##.#
...##...#.#...#.##.#..##.#


You could see a komodo dragon, a spiny frog and a rime drake.

Vanquished Creatures
  Erolcha (D:9)
  A hydra (D:8)
  Joseph (D:7)
  An elephant (D:8)
  Psyche (D:9)
  A troll (D:8)
  Grinder (D:3)
  2 dream sheep (D:8)
  A basilisk (D:8)
  8 yaks
  Menkaure (D:7)
  Edmund (D:4)
  An ice beast (D:6)
  2 black bears
  3 sky beasts
  4 orc warriors
  A necrophage (D:9)
  An eye of draining (D:8)
  3 ogres
  A crocodile (D:8)
  2 centaurs
  3 big kobolds (D:8)
  6 bullfrogs
  4 water moccasin zombies (Ossuary)
  2 wyvern skeletons
  2 scorpions
  5 wights (D:7)
  3 howler monkeys
  A bullfrog zombie (D:5)
  3 jellies
  3 crimson imps
  A hound (D:5)
  6 orc priests
  2 iguanas
  4 centaur skeletons
  5 orc wizards
  A bullfrog skeleton (D:9)
  Ijyb (D:3)
  Natasha (twice) (D:3)
  5 worker ants
  4 big kobold zombies (Ossuary)
  A hound zombie (D:7)
  A hound skeleton (D:5)
  2 mummies (Ossuary)
  A worker ant zombie (D:6)
  A gnoll (D:4)
  10 adders
  An ooze (D:1)
  2 adder zombies (Ossuary)
  5 adder skeletons
  A worm (D:4)
  4 dart slugs
  5 leopard geckos
  29 orcs
  3 bats
  A giant cockroach (D:2)
  A gnoll zombie (Ossuary)
  9 goblins
  16 hobgoblins
  9 jackals
  3 quokkas
  2 ball pythons
  6 frilled lizards
  5 hobgoblin zombies (Ossuary)
  2 jackal zombies
  9 kobolds
  3 kobold zombies (Ossuary)
  7 orc zombies (Ossuary)
  A quokka skeleton (D:5)
  A quokka zombie (D:7)
  10 rats
252 creatures vanquished.

Vanquished Creatures (others)
  An orc wizard (D:7)
  A plant (D:8)
2 creatures vanquished.

Grand Total: 254 creatures vanquished

Notes
Turn   | Place    | Note
-------+----------+-------------------------------------------
     0 | D:1      | MisterOstroum the Centaur Wanderer began the quest for the
                  | Orb.
     0 | D:1      | MisterOstroum set off with the following items: a +0 club,
                  | a +0 shortbow, 20 arrows, a +0 ring mail, a ration, a +0
                  | shield
     0 | D:1      | Reached XP level 1. HP: 19/19 MP: 1/1
   319 | D:1      | Reached skill level 1 in Bows
   319 | D:1      | Reached XP level 2. HP: 26/26 MP: 2/2
   911 | D:1      | Reached skill level 2 in Bows
   911 | D:1      | Reached XP level 3. HP: 18/31 MP: 3/3
  1978 | D:2      | Found a snail-covered altar of Cheibriados.
  1979 | D:2      | Found a basalt altar of Yredelemnul.
  1980 | D:2      | Found a sacrificial altar of Ru.
  2003 | D:2      | Reached XP level 4. HP: 36/40 MP: 4/4
  2509 | D:2      | Became a worshipper of Ru the Awakened
  2855 | D:3      | Noticed an orc warrior
  2881 | D:3      | Killed an orc warrior
  2881 | D:3      | Reached skill level 3 in Bows
  2881 | D:3      | Reached XP level 5. HP: 46/46 MP: 5/5
  3173 | D:3      | Noticed Ijyb
  3249 | D:3      | Reached skill level 4 in Bows
  3344 | D:3      | Noticed Grinder
  3512 | D:3      | Paralysed by Ijyb for 4 turns
  3707 | D:4      | Reached XP level 6. HP: 45/53 MP: 6/6
  3733 | D:4      | Found a runed translucent gate.
  3774 | D:4      | Identified the cursed +0 scale mail "Wonupsiu" {+Fly}
  3860 | D:4      | Noticed Curus's ghost (amateur HOAK)
  3940 | D:4      | Reached skill level 5 in Bows
  3952 | D:4      | Found a sand-covered staircase.
  3962 | Ossuary  | Entered an ossuary
  3989 | Ossuary  | Reached skill level 5 in Fighting
  3997 | Ossuary  | Reached XP level 7. HP: 40/61 MP: 7/7
  4306 | Ossuary  | Reached skill level 6 in Bows
  4951 | D:4      | Found a runed translucent gate.
  4952 | D:4      | Found a runed translucent gate.
  4961 | D:4      | Found a roughly hewn altar of Beogh.
  5316 | D:3      | Paralysed by Ijyb for 5 turns
  5325 | D:3      | Killed Ijyb
  5418 | D:3      | Found a runed translucent door.
  5513 | D:3      | Found a runed translucent door.
  5515 | D:3      | Noticed Frank2's ghost (amateur DsGl)
  5627 | D:3      | Noticed Natasha
  5630 | D:3      | Killed Natasha
  6004 | D:3      | Killed Grinder
  6004 | D:3      | Reached skill level 7 in Bows
  6004 | D:3      | Reached XP level 8. HP: 68/70 MP: 8/8
  6026 | D:3      | Noticed Natasha
  6032 | D:3      | Killed Natasha
  6129 | D:3      | Found a bloodstained altar of Trog.
  6654 | D:4      | Found Ucwiyf Olua's Antique Armour Emporium.
  7240 | D:5      | Entered Level 5 of the Dungeon
  7612 | D:5      | Noticed Edmund
  7919 | D:4      | Killed Edmund
  8235 | D:5      | Reached skill level 8 in Bows
  8433 | D:5      | Found an ornate altar of the Wu Jian Council.
  8892 | D:6      | Found a staircase to the Ecumenical Temple.
  8911 | Temple   | Entered the Ecumenical Temple
  9425 | D:6      | Reached XP level 9. HP: 73/79 MP: 9/9
  9426 | D:6      | Fell from the grace of Ru
  9580 | D:6      | Found an opulent altar of Gozag.
  9606 | D:6      | Found a blossoming altar of Fedhas.
 10034 | D:7      | Reached skill level 9 in Bows
 10346 | D:7      | Noticed Joseph
 10384 | D:7      | Killed Joseph
 10598 | D:7      | Noticed Menkaure
 10608 | D:7      | Killed Menkaure
 10785 | D:7      | Reached skill level 10 in Bows
 11004 | D:7      | Found a burning altar of Makhleb.
 11700 | D:8      | Noticed a troll
 11797 | D:8      | Found a white marble altar of Elyvilon.
 12291 | D:8      | Killed a troll
 12291 | D:8      | Reached XP level 10. HP: 90/91 MP: 10/10
 12466 | D:8      | Found a shattered altar of Ashenzari.
 12496 | D:8      | Noticed an elephant
 12516 | D:8      | Killed an elephant
 12516 | D:8      | Reached skill level 11 in Bows
 12731 | D:8      | Found a runed translucent gate.
 12731 | D:8      | Found a runed translucent gate.
 12731 | D:8      | Found a runed translucent gate.
 12740 | D:8      | Noticed VPR's ghost (novice HOFi)
 13013 | D:8      | Found a staircase to the Lair.
 13112 | D:8      | Noticed a three-headed hydra
 13204 | D:8      | Killed a three-headed hydra
 13204 | D:8      | Reached skill level 5 in Armour
 13214 | D:8      | Reached skill level 5 in Dodging
 13914 | D:8      | Reached skill level 10 in Fighting
 13941 | D:8      | Reached skill level 12 in Bows
 14195 | D:9      | Found the +2 shield of Resistance {rF+ rC+ MR+}
 14198 | D:9      | Noticed Erolcha
 15003 | D:9      | Reached XP level 11. HP: 99/99 MP: 12/12
 15042 | D:9      | Found a hide-covered altar of Uskayaw.
 15116 | D:9      | Found a glowing silver altar of Zin.
 15117 | D:9      | Found an opulent altar of Gozag.
 15409 | D:9      | Noticed Psyche
 15425 | D:9      | Killed Psyche
 15723 | D:9      | Found an iron altar of Okawaru.
 15731 | D:9      | Became a worshipper of Warmaster Okawaru
 15852 | D:9      | Killed Erolcha
 15852 | D:9      | Reached * piety under Okawaru
 15852 | D:9      | Reached skill level 13 in Bows
 16074 | Lair:1   | Entered Level 1 of the Lair of Beasts
 16094 | D:8      | Slain by a spiny frog

Levels and vault maps discovered:
D:1:      saegor_arrival_simple_e, layout_basic
D:2:      wad_pebble_path, layout_basic,
          chequers_temple_overflow_statue_of_worship
D:3:      minmay_door_path, layout_loops_ring, bloody_trog,
          gammafunk_ghost_grave, grunt_ministairs_6, nrook_uturn,
          minmay_starry_boxes, uniq_ijyb, uniq_crazy_yiuf_cottage, uniq_grinder,
          uniq_natasha
D:4:      minmay_thinvault, layout_loops_ring, biasface_ghost_orc_armoury,
          first_ration, enter_ossuary_1, serial_shops, kennysheep_mini
D:5:      layout_basic, nicolae_overflow_crystal_walls, uniq_edmund
D:6:      layout_rooms, kennysheep_little_box, minmay_temple_entry_water_ring,
          serial_bayou_pond_d, grunt_gozag_breadcrumbs
D:7:      layout_loops_corners, lightli_temple_of_fire, uniq_menkaure,
          uniq_joseph
D:8:      layout_rooms, nicolae_overflow_hidden_temple, lemuel_doored_altar,
          david_lair_generic, ebering_ghost_rock_garden, hangedman_ranch
          [blue_anna_fruit_fields], roderic_serpentine_path
D:9:      layout_rooms, grunt_temple_overflow_gold_and_silver,
          kennysheep_okawaru_gauntlet, lemuel_crystal_altar, uniq_erolcha,
          uniq_psyche
Temple:   nicolae_temple_figure_zero
Lair:1:   layout_hall_layers, portal_ice_cave_entry_pillars_2,
          grunt_megastairs_1, uniq_gastronok

Skill      XL: |  1  2  3  4  5  6  7  8  9 10 11 |
---------------+----------------------------------+-----
Bows           | 1 2 3 4 5 7 8 10 12 13 | 13.1
Fighting       | 4 5 6 7 9 10 | 10.0
Dodging        | 2 3 4 5 |  5.0
Armour         | 2 3 4 5 |  5.7
Evocations     | 2 |  2.8
Short Blades   | |  1.0
Crossbows      | |  1.1
Stealth        | |  1.0
Shields        | |  1.0

Action                   |  1- 3 |  4- 6 |  7- 9 | 10-12 || total
-------------------------+-------+-------+-------+-------++-------
Melee: Club              |    10 |       |       |       ||    10
       Kick              |    24 |    28 |   162 |    75 ||   289
       Dagger            |    97 |   120 |   497 |   230 ||   944
       Unarmed           |       |       |     7 |       ||     7
       Shortbow          |       |       |       |     1 ||     1
 Fire: Shortbow          |    44 |    41 |   132 |    86 ||   303
       Hunting sling     |       |       |    96 |     4 ||   100
Throw: Stone             |     1 |    28 |    25 |    16 ||    70
       Dart              |       |    10 |    16 |    13 ||    39
       Boomerang         |       |       |    29 |       ||    29
Invok: Reject Sacrifices |       |       |     1 |       ||     1
       Renounce Religion |       |       |     1 |       ||     1
Evoke: Wand              |       |       |     3 |     3 ||     6
  Use: Scroll            |     2 |     6 |    11 |     9 ||    28
       Potion            |       |     1 |     1 |     4 ||     6
 Stab: Paralysed         |       |       |     8 |       ||     8
  Eat: Chunk             |     2 |     5 |    27 |     9 ||    43
       Ration            |       |       |     1 |     1 ||     2
Armor: Ring mail         |    48 |    58 |   130 |       ||   236
       Chain mail        |       |       |   100 |       ||   100
       Plate armour      |       |       |    30 |   168 ||   198
       Skin              |       |       |     2 |       ||     2
Dodge: Dodged            |    59 |    58 |   133 |    40 ||   290
Block: Shield            |       |     4 |    28 |    19 ||    51
